Match 27850108
Unlisted

Match 27850108
End
Construct Barracks
Riflemen Squad
Riflemen Squad
Selects Advanced Infantry Battlegroup
Selects Advanced Infantry Battlegroup
M1 Mortar Team
Infantry Support Center
Riflemen Squad
M1918 Browning Automatic Rifles
Grenade Package
Selects Ammunition Storage
Construct Medical Station
Munitions Surplus
Engineer Squad
Selects M2A1 105mm Howitzer Emplacement
Construct Motor Pool
Selects 155mm Rapid Artillery Barrage
CAuMOH
sniper shot reduces your mom lif
Ruby
HulkSMASH
0
0

Comments sign in to comment!

No comments posted yet!